 Dungeon Crawl Stone Soup version 0.30.0-30-g96aa6591b8 (webtiles) character file.

Game seed: 3196132770736382611

37 croobank the Sneak (level 3, 0/21 HPs)
             Began as an Octopode Fire Elementalist on June 26, 2023.
             Slain by Natasha (8 damage)
             ... on level 2 of the Dungeon.
             The game lasted 00:02:18 (981 turns).

croobank the Sneak (Octopode Fire Elementalist)      Turns: 981, Time: 00:02:19

Health: 0/21       AC:  1    Str:  7    XL:     3   Next: 39%
Magic:  1/6        EV: 13    Int: 19    God:
Gold:   51         SH:  0    Dex: 12    Spells: 3/6 levels left

rFire   . . .        b - +0 short sword
rCold   . . .        (no shield)
rNeg    . . .        (helmet restricted)
rPois   .            (no amulet)
rElec   .            (no ring)
rCorr   .            (no ring)
SInv    .            (no ring)
Will    .....        (no ring)
Stlth   +++          (no ring)
HPRegen 0.23/turn    (no ring)
MPRegen 0.10/turn    (no ring)
                     (no ring)

%: no passive effects
@: very slightly contaminated
A: almost no armour, amphibious, 8 rings, camouflage 1, gelatinous body 1,
(nimble swimmer 1), tentacles
a: no special abilities


You were on level 2 of the Dungeon.
You visited 1 branch of the dungeon, and saw 2 of its levels.

You collected 51 gold pieces.

Inventory:

Hand Weapons
 b - a +0 short sword (weapon)
 c - a +0 dagger
Jewellery
 f - a ring of positive energy
Scrolls
 d - a scroll of identify {unknown}
 g - a scroll of magic mapping {unknown}
Potions
 a - a potion of magic
 e - 3 potions of degeneration {unknown}
 h - a potion of curing {unknown}


   Skills:
 + Level 2.4 Dodging
 + Level 3.3 Stealth
 + Level 2.3 Spellcasting
 + Level 1.6 Conjurations
 + Level 3.2 Fire Magic


You had 3 spell levels left.
You knew the following spells:

 Your Spells              Type           Power      Damage    Failure   Level
a - Foxfire               Conj/Fire      44%        2x1d6     6%          1
b - Scorch                Fire           28%        2d6       6%          2

Your spell library contained the following spells:

 Spells                   Type           Power      Damage    Failure   Level
 Inner Flame              Hex/Fire       8%         N/A       26%         3
 Volatile Blastmotes      Fire/Tloc      16%        2d11      26%         3
 Flame Wave               Conj/Fire      11%        2d6       52%         4


Dungeon Overview and Level Annotations

Branches:
Dungeon (2/15)

Altars:

Annotations:
D:2 Natasha


Innate Abilities, Weirdness & Mutations

You cannot wear most types of armour.
You are amphibious.
You can wear up to eight rings at the same time.
Your skin changes colour to match your surroundings (Stealth+).
Your rubbery body absorbs attacks. (AC +1, EV +1)
((You are camouflaged when in or above water. (Stealth+)))
You have tentacles for arms and can constrict up to eight enemies at once.


Message History

Confirm with . or Enter, or press ? or * to list all spells.
You conjure some foxfire!
The foxfire hits the adder.
The adder is severely wounded.
The foxfire hits the adder.
The adder is severely wounded.
Casting: Foxfire (safe; 6% risk of failure)
Confirm with . or Enter, or press ? or * to list all spells.
Flames lash the adder.
You kill the adder!
You start resting.
Magic restored.
Things that are here:
a +0 short sword; a kobold corpse
Found 2 stones.
A hobgoblin comes into view.
The helpless hobgoblin fails to defend itself.
You puncture the hobgoblin!
You kill the hobgoblin!
Natasha, Servant of Life and Death comes into view.
Natasha hisses angrily.
Natasha claws you.
Casting: Scorch (safe; 6% risk of failure)
Confirm with . or Enter, or press ? or * to list all spells.
You miscast Scorch.
You are very lightly contaminated with residual magic.
Nothing appears to happen.
Natasha casts a spell.
Casting: Scorch (safe; 6% risk of failure)
Confirm with . or Enter, or press ? or * to list all spells.
Flames lash the cerulean imp.
The cerulean imp is heavily wounded.
The cerulean imp's fire resistance burns away.
The cerulean imp hits you from afar with a +1 spear.
Natasha casts a spell at you. The magic dart hits you.
Casting: Scorch (safe; 6% risk of failure)
Confirm with . or Enter, or press ? or * to list all spells.
You conjure some foxfire!
Natasha claws you!
You die...

# # #.# #.#
########5#.###########
......vh###..........#
# #@.#.#.##.####.###
#v#.##(##.####.#..
#.####.##......... #.#
#.#######.).# #.# #.#
#...# #.# #.# #.†.#
#.# #.# #...# #.. ..#
#...# #.#..


You could see Natasha (ally target) and a cerulean imp (summoned, combustible).

Vanquished Creatures
  2 adders (D:2)
  A dart slug (D:1)
  A bat (D:1)
  2 endoplasms (D:1)
  2 goblins (D:1)
  A hobgoblin (D:2)
  2 jackals (D:1)
  2 frilled lizards (D:1)
  4 kobolds
17 creatures vanquished.

Vanquished Creatures (others)
  28 foxfires
28 creatures vanquished.

Grand Total: 45 creatures vanquished

Notes
Turn   | Place    | Note
-------+----------+-------------------------------------------
     0 | D:1      | croobank the Octopode Fire Elementalist began the quest for
                  | the Orb.
     0 | D:1      | Reached XP level 1. HP: 11/11 MP: 3/3
   194 | D:1      | Reached XP level 2. HP: 17/17 MP: 5/5
   197 | D:1      | Learned a level 2 spell: Scorch
   817 | D:2      | Reached XP level 3. HP: 21/21 MP: 3/6
   978 | D:2      | Noticed Natasha
   981 | D:2      | Slain by Natasha

Illustrated notes

Levels and vault maps discovered:
D:1:      ncdulo_lavacross, layout_loops_ring
D:2:      layout_loops_ring, serial_shops, shop, kennysheep_jessica_study,
          uniq_natasha

Skill      XL: |  1  2 |
---------------+-------+-----
Stealth        | 3 |  3.3
Dodging        | |  2.4
Spellcasting   | |  2.3
Conjurations   | |  1.6
Fire Magic     | |  3.2

Action                     || total
---------------------------++-------
  Melee: Short sword       ||     8
         Constrict         ||     3
         Tentacles         ||     2
   Cast: Foxfire           ||    16
         Scorch            ||     3
   Stab: Sleeping          ||     4
 Armour: Skin              ||     1
  Dodge: Dodged            ||     4
